 Dungeon Crawl Stone Soup version 0.30-a0-918-g0ff054e9dc (webtiles) character file.

Game seed: 6183418511499944412

47410 jasper the Black Belt (level 14, -11/110 HPs)
             Began as a Demonspawn Wanderer on Mar 19, 2023.
             Was a High Priest of Okawaru.
             Mangled by an azure jelly (14 damage)
             ... in an ice cave on Mar 20, 2023.
             The game lasted 00:54:43 (20740 turns).

jasper the Black Belt (Demonspawn Wanderer)        Turns: 20740, Time: 00:54:44

Health: -11/110    AC: 16    Str: 15    XL:     14   Next: 8%
Magic:  16/20      EV: 23    Int: 20    God:    Okawaru [*****.]
Gold:   1055       SH: 14    Dex: 14    Spells: 12/17 levels left

rFire   x . .      SeeInvis .      - Unarmed
rCold   + . .      Faith    .    R - +0 buckler
rNeg    . . .      Spirit   .    E - +0 acid dragon scales
rPois   .          Reflect  +    b - +1 helmet
rElec   .          Rampage  .    O - +0 cloak
rCorr   +                        I - +2 pair of gloves {Str+3}
Will    ++...                    (boots unavailable)
Stlth   ++                       T - amulet "Borojen" {Reflect Int+2 SH+5 Stlth+}
HPRegen 0.38/turn                g - ring of ice
MPRegen 0.17/turn                U - +5 ring of evasion

@: about to teleport, hasted, very quick
A: hooves 3, repulsion field 2, icemail 1, condensation shield, demonic magic 2,
demonic willpower
a: Renounce Religion, Heroism, Finesse, Duel


You were in an ice cave.
You worshipped Okawaru.
Okawaru was extremely pleased with you.
You visited 2 branches of the dungeon, and saw 17 of its levels.
You also visited: Ice Cave and Volcano.

You collected 1330 gold pieces.
You spent 275 gold pieces at shops.

Inventory:

Missiles
 q - 41 poisoned darts
 t - 24 boomerangs (quivered)
 B - 9 javelins
 P - 2 curare-tipped darts
 S - an atropa-tipped dart
Armour
 b - a +1 helmet (worn)
 y - the +1 robe "Atzail" {rF+++ Dex-4 Stlth+ Archmagi}
   (You found it on level 3 of the Dungeon)

   Dex:       It affects your dexterity (-4).
   rF:        It renders you almost immune to fire.
   Archmagi:  It increases the power of your magical spells.
   Stlth:     It makes you more stealthy.
 E - +0 acid dragon scales (worn)
 I - a +2 pair of gloves of strength (worn)
 L - the +3 pair of seven-league boots {Rampage+∞}
   (You acquired it on level 1 of the Lair of Beasts)

   Rampage+∞: When moving toward enemies, its wearer moves as far as possible.
 M - a +0 kite shield
 O - a +0 cloak (worn)
 R - a +0 buckler (worn)
 X - an orb of energy
Jewellery
 d - a ring of flight
 g - a ring of ice (left hand)
 p - an amulet of faith
 r - a ring of protection from fire
 H - the amulet "Wolepped" {Spirit Int+3}
   (You bought it in a shop on level 5 of the Dungeon)

   [amulet of guardian spirit]

   It causes incoming damage to be divided between your reserves of health and
   magic.
   Int:       It affects your intelligence (+3).
 T - the amulet "Borojen" (around neck) {Reflect Int+2 SH+5 Stlth+}
   (You acquired it on level 10 of the Dungeon)

   [amulet of reflection]

   It reflects blocked missile attacks.
   Int:       It affects your intelligence (+2).
   SH:        It affects your SH (+5).
   Stlth:     It makes you more stealthy.
 U - a +5 ring of evasion (right hand)
Wands
 o - a wand of roots (10)
 x - a wand of flame (22)
 J - a wand of digging (13)
Scrolls
 c - 2 scrolls of fear
 i - 4 scrolls of silence
 j - 2 scrolls of torment
 n - 2 scrolls of enchant armour
 s - 2 scrolls of immolation
 u - a scroll of teleportation
 A - 6 scrolls of identify
 C - a scroll of enchant weapon
 G - 3 scrolls of vulnerability
 Q - 3 scrolls of noise
Potions
 e - 3 potions of flight
 f - a potion of berserk rage
 l - 4 potions of curing
 v - 4 potions of haste
 w - 2 potions of brilliance
 z - 6 potions of mutation
 F - 3 potions of invisibility
 K - 5 potions of might
 N - a potion of lignification
 W - a potion of cancellation
Miscellaneous
 h - a tin of tremorstones (inert)


   Skills:
 - Level 10.0 Fighting
 - Level 2.6 Axes
 - Level 5.0 Throwing
 - Level 10.0 Dodging
 + Level 4.7 Shields
 - Level 15.2 Unarmed Combat
 - Level 2.0 Spellcasting
 - Level 2.0 Earth Magic
 - Level 8.0 Invocations
 - Level 6.0 Evocations


You had 12 spell levels left.
You knew the following spells:

 Your Spells              Type           Power      Damage    Failure   Level
a - Sandblast             Erth           20%        2d7       13%         1
b - Passwall              Tmut/Erth      5%         N/A       28%         2
c - Blink                 Tloc           4%         N/A       41%         2

Your spell library contained the following spells:

 Spells                   Type           Power      Damage    Failure   Level
 Necrotise                Necr           8%         1d4       28%         1
 Slow                     Hex            8%         N/A       28%         1
 Cigotuvi's Dreadful Rot  Necr/Pois/Air  4%         N/A       41%         2
 Ensorcelled Hibernation  Hex/Ice        6%         N/A       41%         2
 Lesser Beckoning         Tloc           4%         N/A       41%         2
 Momentum Strike          Conj/Tloc      4%         3d8       41%         2
 Poisonous Vapours        Pois/Air       4%         N/A       41%         2
 Stone Arrow              Conj/Erth      12%        3d7       50%         3
 Confusing Touch          Hex            2%         N/A       65%         3
 Frozen Ramparts          Ice            6%         1d1       65%         3
 Gell's Gravitas          Tloc           2%         N/A       65%         3
 Mephitic Cloud           Conj/Pois/Air  2%         N/A       65%         3
 Swiftness                Air            2%         N/A       65%         3
 Teleport Other           Tloc           2%         N/A       65%         3
 Vampiric Draining        Necr           2%         2d6       65%         3
 Ice Form                 Ice/Tmut       3%         N/A       96%         4
 Agony                    Necr           2%         N/A       100%        5
 Conjure Ball Lightning   Conj/Air       1%         3x3d6     100%        6
 Discord                  Hex            1%         N/A       100%        8
 Disjunction              Tloc           1%         N/A       100%        8
 Lehudib's Crystal Spear  Conj/Erth      3%         10d2      100%        8
 Animate Armour           Summ/Erth      Unusable   N/A       N/A         4
 Summon Ice Beast         Ice/Summ       Unusable   N/A       N/A         4

Dungeon Overview and Level Annotations

Branches:
Dungeon (12/15)            Temple (0/1) D:5            Lair (5/5) D:9
  Swamp (0/4) Lair:3        Snake (0/4) Lair:3        Slime (0/5) Lair:5
    Orc (0/2) D:10          IceCv (1/1)             Volcano (visited)

Altars:
Cheibriados
Gozag
Hepliaklqana
Nemelex Xobeh
Okawaru
Qazlal
Ru
Sif Muna
Trog
Wu Jian
Xom
Jiyva

Shops:
D:5 *

Annotations:
D:2 Pargi


Innate Abilities, Weirdness & Mutations

You have hooves in place of feet.
You are surrounded by a moderate repulsion field. (EV +3)
A meltable icy envelope protects you from harm. (AC +4)
A meltable shield of frost defends you. (SH +4)
Spells you cast may paralyse nearby enemies.
You punish those that try to bend your will. (Will+)


Message History

* * * LOW HITPOINT WARNING * * *
You feel your power leaking away.
You take 10 damage, and have 18/110 hp.
You now have 15/20 mp.
The quicksilver ooze attacks as you move away!
The quicksilver ooze hits you!
* * * LOW HITPOINT WARNING * * *
The quicksilver ooze hits you but does no damage.
You take 7 damage, and have 12/110 hp.
As you read the scroll of fear, it crumbles to dust.
You assume a fearsome visage.
The ice dragon looks frightened!
The swamp dragon looks frightened!
The azure jelly easily resists.
The quicksilver ooze is unaffected.
You block the quicksilver ooze's attack.
The quicksilver ooze hits you but does no damage.
As you read the scroll of teleportation, it crumbles to dust.
You feel strangely unstable. The quicksilver ooze hits you!
* * * LOW HITPOINT WARNING * * *
The quicksilver ooze engulfs you!
The quicksilver ooze closely misses you.
You take 8 damage, and have 4/110 hp.
You slip free of the ooze engulfing you.
You gasp with relief as air once again reaches your lungs.
The quicksilver ooze completely misses you. x2
The quicksilver ooze attacks as you move away!
The quicksilver ooze misses you.
You block the quicksilver ooze's attack.
The quicksilver ooze attacks as you move away!
The quicksilver ooze misses you.
The quicksilver ooze completely misses you.
The quicksilver ooze attacks as you move away!
You block the quicksilver ooze's attack.
The quicksilver ooze completely misses you.
Your surroundings seem slightly different.
As you read the scroll of teleportation, it crumbles to dust.
You feel strangely unstable.
The azure jelly hits you but does no damage.
The azure jelly hits you.
* * * LOW HITPOINT WARNING * * *
The azure jelly freezes you! You resist.
You die...

#.##..##..## #.Z# #...
##..##J##..# ##..# #..#
#....JJ##..# #J..# ##.##
#J.....##Z.####..## #..#
#.J....##..##....#.. #..#
#...JJ.##.......##..##.##
#..#...#...##...#)) #..#
#.Z##.##...##..##[[##..#
#..##.#..@.##..##.##..##
#...#.#.J..##..##.#...#
#...#.#...###...#....##
#......J## #......°##
#.......# #.....°○#
##......# ##..DD.°#
#.....## #....○## ##..§##
##..°## ##### #####


You could see an azure jelly, a quicksilver ooze and a great orb of eyes
simulacrum.

Vanquished Creatures
  Kirke (Lair:3)
  A quicksilver ooze (IceCv)
  Snorg (Lair:3)
  A ghost crab (Lair:3)
  An anaconda (Lair:3)
  3 boulder beetles
  A centaur warrior (D:9)
  4 two-headed ogres
  A death yak (Lair:1)
  Urug (Lair:3)
  3 skysharks
  A glowing orange brain (IceCv)
  2 swamp dragons (IceCv)
  A spectral hydra (Lair:3)
  A lindwurm (Lair:4)
  An ugly thing (D:10)
  Pikel (D:4)
  An oklob plant (Lair:1)
  A cyclops (D:11)
  3 manticores
  7 black mambas
  2 ice statues (IceCv)
  6 elephants
  2 torpor snails
  Maggie (D:6)
  7 cane toads
  3 rime drakes
  10 komodo dragons
  4 polar bears
  A troll (D:12)
  Grinder (D:4)
  Sigmund (D:5)
  10 blink frogs
  A spectral black mamba (Lair:3)
  A shadow (D:11)
  8 slime creatures (IceCv)
  3 wyverns
  A wraith (D:9)
  2 basilisks
  2 hogs (Lair:3)
  5 humans (Lair:3)
  2 steam dragons
  26 yaks
  4 vampire mosquitoes (D:12)
  Menkaure (D:4)
  2 nagas (Lair:3)
  A spectral cane toad (Lair:3)
  Duvessa (D:5)
  An acid dragon (D:9)
  3 black bears
  16 water moccasins
  A spectral blink frog (Lair:3)
  2 orc warriors
  2 great orb of eyes simulacra (IceCv)
  3 ogres
  4 centaurs
  2 lemures (D:4)
  A phantom (D:7)
  24 wolves
  5 kobold brigands
  2 slime creature simulacra (IceCv)
  2 gnoll sergeants
  15 bullfrogs
  A glowing shapeshifter simulacrum (IceCv)
  3 wights (D:8)
  Dowan (D:5)
  A killer bee (D:9)
  7 electric eels (D:11)
  3 hounds
  3 jellies
  9 orc priests
  A gnoll bouda (Lair:4)
  5 iguanas
  A sleepcap (D:6)
  14 orc wizards
  12 gnolls
  6 adders
  A shadow imp (D:7)
  A howler monkey simulacrum (D:9)
  3 ufetubi
  A worm (D:4)
  2 dart slugs
  41 orcs
  3 giant cockroaches
  6 goblins
  4 hobgoblins
  6 jackals
  18 kobolds
  2 quokkas
  3 ball pythons
  4 bats
  3 frilled lizards
  2 rats (D:1)
395 creatures vanquished.

Vanquished Creatures (others)
  5 dream sheep (D:8)
  An orc wizard (D:9)
  An orc (D:8)
  14 fungi
  52 plants
73 creatures vanquished.

Grand Total: 468 creatures vanquished

Notes
Turn   | Place    | Note
-------+----------+-------------------------------------------
     0 | D:1      | jasper the Demonspawn Wanderer began the quest for the Orb.
     0 | D:1      | jasper set off with the following items: a +2 hand axe, a
                  | +0 helmet, a scroll of fear, a +0 robe; and the following
                  | spell memorised: Sandblast; and the following spells
                  | available to memorise: Stone Arrow.
     0 | D:1      | Reached XP level 1. HP: 15/15 MP: 2/2
   255 | D:1      | Gained mutation: Spells you cast may paralyse adjacent
                  | enemies. [demonic ancestry]
   255 | D:1      | Reached XP level 2. HP: 21/21 MP: 1/4
  1603 | D:3      | Noticed Pargi
  1682 | D:3      | Found a faded altar of an unknown god.
  1696 | D:3      | Prayed at the altar of an unknown god.
  1696 | D:3      | Became a worshipper of Warmaster Okawaru
  1696 | D:3      | Reached * piety under Okawaru
  1785 | D:3      | Gained mutation: You are surrounded by a mild repulsion
                  | field. (EV +2) [demonic ancestry]
  1785 | D:3      | Reached XP level 3. HP: 24/26 MP: 6/6
  1848 | D:3      | Learned a level 2 spell: Passwall
  2013 | D:3      | Identified the +1 robe "Atzail" {rF+++ Dex-4 Stlth+
                  | Archmagi}
  2372 | D:3      | Reached skill level 1 in Unarmed Combat
  2377 | D:3      | HP: 1/26 [poisoned by an adder]
  2732 | D:4      | Gained mutation: You are surrounded by a moderate repulsion
                  | field. (EV +3) [demonic ancestry]
  2732 | D:4      | Reached XP level 4. HP: 33/33 MP: 7/7
  2769 | D:4      | Reached skill level 2 in Unarmed Combat
  2788 | D:4      | Noticed a water moccasin
  2800 | D:4      | Killed a water moccasin
  2801 | D:4      | Reached XP level 5. HP: 16/39 MP: 4/8
  3019 | D:4      | Learned a level 2 spell: Blink
  3124 | D:4      | Found a hazy altar of Hepliaklqana.
  3275 | D:4      | Found a sparkling altar of Nemelex Xobeh.
  3275 | D:4      | Found an ornate altar of the Wu Jian Council.
  3276 | D:4      | Found a snail-covered altar of Cheibriados.
  3399 | D:4      | Reached ** piety under Okawaru
  3400 | D:4      | Reached skill level 3 in Unarmed Combat
  3400 | D:4      | Reached skill level 1 in Invocations
  3700 | D:4      | Reached XP level 6. HP: 46/46 MP: 9/9
  4017 | D:5      | Entered Level 5 of the Dungeon
  4017 | D:5      | Noticed Menkaure
  4028 | D:4      | Killed Menkaure
  4287 | D:5      | Noticed Sigmund
  4290 | D:5      | Noticed Pikel
  4522 | D:5      | Noticed Dowan
  4689 | D:5      | Noticed Grinder
  4715 | D:4      | Killed Pikel
  4716 | D:4      | Reached skill level 4 in Unarmed Combat
  4716 | D:4      | Gained mutation: Spells you cast may paralyse nearby
                  | enemies. [demonic ancestry]
  4716 | D:4      | Reached XP level 7. HP: 39/53 MP: 7/10
  4873 | D:5      | Paralysed by Grinder for 5 turns
  4894 | D:4      | Killed Grinder
  4895 | D:4      | Reached skill level 5 in Unarmed Combat
  4895 | D:4      | Gained mutation: A meltable shield of frost defends you.
                  | (SH +4) [demonic ancestry]
  4895 | D:4      | Reached XP level 8. HP: 39/60 MP: 6/11
  4972 | D:5      | Killed Sigmund
  5233 | D:5      | Reached skill level 6 in Unarmed Combat
  5291 | D:5      | Found Zooschem's Assorted Antiques.
  5299 | D:5      | Bought a sparkling brass amulet for 110 gold pieces
  5299 | D:5      | Identified the amulet "Wolepped" {Spirit Int+3} (You bought
                  | it in a shop on level 5 of the Dungeon)
  5299 | D:5      | Bought a pair of embroidered gloves for 165 gold pieces
  5380 | D:5      | Found a staircase to the Ecumenical Temple.
  5473 | D:5      | Noticed Duvessa
  5492 | D:5      | Killed Duvessa
  5493 | D:5      | Reached skill level 5 in Fighting
  5493 | D:5      | Reached skill level 5 in Dodging
  5499 | D:5      | Killed Dowan
  5501 | D:5      | Upgraded the game from 0.30-a0-913-g9934a0ce24 to
                  | 0.30-a0-918-g0ff054e9dc
  5889 | D:6      | Noticed Maggie
  5899 | D:6      | Killed Maggie
  5899 | D:6      | Reached *** piety under Okawaru
  5900 | D:6      | Reached skill level 7 in Unarmed Combat
  5900 | D:6      | Gained mutation: You have large cloven feet. [demonic
                  | ancestry]
  5900 | D:6      | Reached XP level 9. HP: 68/68 MP: 9/12
  6173 | D:6      | Found a shimmering blue altar of Sif Muna.
  7113 | D:7      | Reached skill level 8 in Unarmed Combat
  7521 | D:7      | Noticed a two-headed ogre
  7533 | D:7      | Killed a two-headed ogre
  7533 | D:7      | Reached **** piety under Okawaru
  7534 | D:7      | Reached skill level 9 in Unarmed Combat
  8158 | D:8      | Reached skill level 10 in Unarmed Combat
  8158 | D:8      | Gained mutation: You have hoof-like feet. [demonic
                  | ancestry]
  8158 | D:8      | Reached XP level 10. HP: 76/76 MP: 13/13
  8849 | D:8      | Found an opulent altar of Gozag.
  8871 | D:8      | Found a shimmering altar of Xom.
  9001 | D:9      | Noticed a centaur warrior
  9010 | D:9      | Killed a centaur warrior
  9029 | D:9      | Noticed a two-headed ogre
  9049 | D:9      | Killed a two-headed ogre
  9049 | D:9      | Received a gift from Okawaru
  9050 | D:9      | Reached skill level 10 in Fighting
  9050 | D:9      | Reached skill level 1 in Shields
  9085 | D:9      | Reached ***** piety under Okawaru
  9497 | D:9      | Found a staircase to the Lair.
  9520 | D:9      | Noticed a two-headed ogre
  9529 | D:9      | Killed a two-headed ogre
  9529 | D:9      | Received a gift from Okawaru
  9530 | D:9      | Gained mutation: A meltable icy envelope protects you from
                  | harm. (AC +4) [demonic ancestry]
  9530 | D:9      | Reached XP level 11. HP: 64/90 MP: 7/14
  9721 | D:9      | Found a stormy altar of Qazlal.
 10110 | D:10     | Entered Level 10 of the Dungeon
 10186 | D:10     | Found a bloodstained altar of Trog.
 10281 | D:10     | Identified a scroll of acquirement
 10282 | D:10     | Acquired the amulet "Borojen" {Reflect Int+2 SH+5 Stlth+}
 10451 | D:10     | Noticed a green ugly thing
 10459 | D:10     | Killed a green ugly thing
 10514 | D:10     | Found a sacrificial altar of Ru.
 10731 | D:10     | Found a staircase to the Orcish Mines.
 11010 | D:10     | Noticed a two-headed ogre
 11023 | D:10     | Killed a two-headed ogre
 11739 | D:11     | HP: 1/90 [something (13)]
 12289 | D:11     | You fall into a shaft and drop 1 floor!
 12387 | D:12     | Reached skill level 10 in Dodging
 12431 | D:12     | Noticed a boulder beetle
 12482 | D:12     | Killed a boulder beetle
 12899 | Lair:1   | Entered Level 1 of the Lair of Beasts
 12916 | D:9      | Reached skill level 5 in Invocations
 12970 | Lair:1   | Gained mutation: You punish those that try to bend your
                  | will. (Will+) [demonic ancestry]
 12970 | Lair:1   | Reached XP level 12. HP: 82/97 MP: 16/16
 13307 | Lair:1   | Reached skill level 5 in Evocations
 13486 | Lair:1   | Acquired the +3 pair of seven-league boots {Rampage+∞}
 13486 | Lair:1   | Found the +3 pair of seven-league boots {Rampage+∞}
 13627 | Lair:1   | Noticed a death yak
 13685 | Lair:1   | Killed a death yak
 13726 | Lair:1   | Identified the +8 quarterstaff of Veefos {vamp, *Rage Will+
                  | Dex+3} (Okawaru gifted it to you on level 1 of the Lair of
                  | Beasts)
 13726 | Lair:1   | Received a gift from Okawaru
 14487 | Lair:2   | Noticed a boulder beetle
 14573 | Lair:1   | Reached skill level 1 in Throwing
 14629 | Lair:2   | Killed a boulder beetle
 15060 | Lair:2   | Reached skill level 5 in Throwing
 15170 | Lair:2   | Reached skill level 11 in Unarmed Combat
 15354 | Lair:3   | Noticed Urug
 15368 | Lair:3   | Received a gift from Okawaru
 15381 | Lair:3   | Killed Urug
 15568 | Lair:3   | Found a dark tunnel.
 15606 | Volcano  | Entered a volcano
 15921 | Lair:3   | Received a gift from Okawaru
 16107 | Lair:3   | Reached XP level 13. HP: 103/103 MP: 19/19
 16175 | Lair:3   | Noticed Kirke
 16218 | Lair:3   | Killed Kirke
 16218 | Lair:3   | Received a gift from Okawaru
 16339 | Lair:3   | Reached skill level 12 in Unarmed Combat
 16921 | Lair:3   | Noticed Snorg
 16954 | Lair:3   | Killed Snorg
 17069 | Lair:3   | Reached skill level 13 in Unarmed Combat
 17309 | Lair:3   | Found a staircase to the Snake Pit.
 17709 | Lair:3   | Reached ****** piety under Okawaru
 17815 | Lair:3   | Found a staircase to the Swamp.
 18376 | Lair:4   | Identified the +1 hand axe of Toakhekk {drain, rElec rF-
                  | rCorr}
 18451 | Lair:4   | Received a gift from Okawaru
 18452 | Lair:4   | Reached skill level 14 in Unarmed Combat
 19450 | Lair:5   | Entered Level 5 of the Lair of Beasts
 19783 | Lair:5   | Found a staircase to the Slime Pits.
 19784 | Lair:5   | Found a viscous altar of Jiyva.
 19853 | Lair:5   | Found a frozen archway.
 19867 | IceCv    | Entered an ice cave
 20115 | IceCv    | Reached skill level 15 in Unarmed Combat
 20130 | IceCv    | Noticed a quicksilver ooze
 20159 | IceCv    | HP: 5/103 [drowned by a quicksilver ooze (5)]
 20160 | IceCv    | HP: 1/103 [drowned by a quicksilver ooze (4)]
 20165 | IceCv    | Killed a quicksilver ooze
 20166 | IceCv    | Gained mutation: You have hooves in place of feet. [demonic
                  | ancestry]
 20166 | IceCv    | Reached XP level 14. HP: 7/110 MP: 1/20
 20450 | IceCv    | Received a gift from Okawaru
 20503 | IceCv    | Found a viscous altar of Jiyva.
 20503 | IceCv    | Noticed an azure jelly
 20711 | IceCv    | Noticed a quicksilver ooze
 20732 | IceCv    | HP: 4/110 [quicksilver ooze (8)]
 20740 | IceCv    | HP: 3/110 [azure jelly (4)]
 20740 | IceCv    | Mangled by an azure jelly

Illustrated notes

Levels and vault maps discovered:
D:1:      scummos_arrival_simple_crosswalls, layout_basic
D:2:      layout_rooms
D:3:      layout_basic, good_gods_mini_temple,
          shapermc_ecumenical_altar_acropolis, uniq_pargi
D:4:      wad_lake_hut, layout_basic, nicolae_overflow_crystal_walls,
          gammafunk_temple_overflow_claw
D:5:      layout_cave_pools, minmay_temple_entry_ruins, serial_shops, shop,
          uniq_sigmund, uniq_menkaure, uniq_grinder, uniq_pikel, uniq_duvessa
D:6:      layout_gridville, mainiacjoe_overflow_cross_hatched,
          hangedman_abyss_or_decor_lesser_grid, kennysheep_small_circle,
          uniq_maggie
D:7:      layout_basic
D:8:      layout_rooms, lemuel_round_altar, kb_xom_exploding_sheep
D:9:      minmay_opposing_rooms, layout_basic, grunt_qazlal_clouds,
          dpeg_oklobed_lair
D:10:     layout_loops_ring, hangedman_ru_absence, trog_ov_bears_minmay,
          orc_0_dummy
D:11:     layout_cave_pools, serial_bayou_pond_d,
          nicolae_concentric_dashed_squares_mild, minmay_misc_feat_four_crosses,
          chequers_big_river
D:12:     layout_irregular_city, kennysheep_pointless_box, minmay_misc_feat_five
Lair:1:   layout_chaotic_city, hangedman_lair_unloving_vines,
          minmay_shattered_shrine, grunt_megastairs_1
Lair:2:   layout_misc_corridors
Lair:3:   nzn_winding_woodlands_small [nzn_winding_woodlands_5x15_parted,
          nzn_winding_woodlands_center_garden,
          nzn_winding_woodlands_5x15_cabin], layout_regular_city,
          nicolae_swamp_entry_spooky, guppyfry_snake_entry_garden,
          nicolae_volcano_entry_two_sided, uniq_kirke, uniq_urug, uniq_snorg
Lair:4:   layout_regular_city, eino_small_chamber_without_monster,
          dreamdust_gnoll_shepherd
Lair:5:   grunt_lair_end_beastmaster, layout_regular_city, slime_entry_1,
          portal_ice_cave_entry_pillars_2, serial_bayou_lagoon_a
IceCv:    ice_cave_hellmonk_azure_passage

Skill      XL: |  1  2  3  4  5  6  7  8  9 10 11 12 13 |
---------------+----------------------------------------+-----
Spellcasting   | 2 |  2.0
Earth Magic    | 2 |  2.0
Dodging        | 2 4 5 6 10 | 10.0
Unarmed Combat | 1 2 3 4 5 7 10 11 15 | 15.2
Fighting       | 2 3 4 5 6 10 | 10.0
Invocations    | 1 3 5 8 |  8.0
Shields        | 4 |  4.7
Evocations     | 4 6 |  6.0
Throwing       | 5 |  5.0
Axes           | |  2.6

Action                     |  1- 3 |  4- 6 |  7- 9 | 10-12 | 13-15 || total
---------------------------+-------+-------+-------+-------+-------++-------
  Melee: Hand axe          |    31 |       |       |       |       ||    31
         Whip              |    37 |    96 |    10 |       |       ||   143
         Punch             |     1 |     2 |    16 |     5 |       ||    24
         Unarmed           |       |       |   238 |  1036 |   640 ||  1914
         Kick              |       |       |    63 |   218 |    28 ||   309
  Throw: Dart              |       |       |     1 |    24 |    85 ||   110
         Boomerang         |       |       |       |       |    19 ||    19
         Throwing net      |       |       |       |       |     1 ||     1
   Cast: Sandblast         |    36 |    11 |    94 |    69 |       ||   210
 Invoke: Heroism           |       |     4 |     7 |    13 |     5 ||    29
         Finesse           |       |       |       |       |     1 ||     1
  Evoke: Wand              |     2 |    14 |     4 |    26 |    10 ||    56
         Tin of tremorston |       |       |       |     2 |     2 ||     4
    Use: Scroll            |    13 |     2 |     6 |    11 |    11 ||    43
         Potion            |       |     3 |       |     3 |    14 ||    20
   Stab: Paralysed         |       |       |    33 |    13 |       ||    46
         Sleeping          |       |       |     2 |     4 |       ||     6
 Armour: Robe              |    15 |    16 |     6 |     6 |       ||    43
         Acid dragon scale |       |       |    45 |   153 |   198 ||   396
  Dodge: Dodged            |    63 |    82 |   218 |   686 |   555 ||  1604
  Block: Other             |       |       |    28 |     9 |       ||    37
         Buckler           |       |       |       |   604 |   527 ||  1131
         Reflection        |       |       |       |     7 |     3 ||    10

Table legend: (Time is in decaauts)
 A = Elapsed time spent in this place.
 B = Non-inter-level travel time spent in this place.
 C = Inter-level travel time spent in this place.
 D = Time resting spent in this place.
 E = Time spent auto-exploring this place.
 F = Levels seen in this place.
 G = Mean time per level.
                   A        B        C        D        E       F      G
               +--------+--------+--------+--------+--------+-----+--------+
         Total |  20525 |  19188 |   1337 |   2801 |   9721 |  19 | 1080.3 |
       Dungeon |  12997 |  11961 |   1036 |   1674 |   6261 |  12 | 1083.1 |
          Lair |   6665 |   6364 |    301 |    612 |   3405 |   5 | 1333.0 |
      Ice Cave |    809 |    809 |      0 |    514 |     54 |   1 |  809.0 |
       Volcano |     52 |     52 |      0 |      0 |      1 |   1 |   52.0 |
               +--------+--------+--------+--------+--------+-----+--------+

Top non-repeatable levels by time:
  Lair:3: 2860 daAuts
     D:4: 2297 daAuts
  Lair:1: 1592 daAuts
    D:11: 1345 daAuts
     D:9: 1300 daAuts
     D:6: 1197 daAuts
     D:3: 1149 daAuts
  Lair:4: 1112 daAuts
     D:8: 1005 daAuts
     D:1: 993 daAuts
    D:10: 953 daAuts
     D:7: 918 daAuts
     D:5: 908 daAuts
   IceCv: 809 daAuts
  Lair:2: 756 daAuts
